 Dungeon Crawl Stone Soup version 0.29.1-1-gd02db6906a (webtiles) character file.

Game seed: 2429298204889591738

63 Nonny the Sneak (level 4, -2/21 HPs)
             Began as a Vine Stalker Air Elementalist on Sept 17, 2022.
             Was a Believer of Fedhas.
             Slain by an orc wizard
             ... wielding a +4 dagger
              (3 damage)
             ... on level 3 of the Dungeon.
             The game lasted 00:16:26 (1511 turns).

Nonny the Sneak (Vine Stalker Air Elementalist)     Turns: 1511, Time: 00:16:27

Health: -2/21      AC:  3    Str: 10    XL:     4   Next: 10%
Magic:  0/8        EV: 12    Int: 17    God:    Fedhas [**....]
Gold:   147        SH:  0    Dex: 17    Spells: 4/7 levels left

rFire   . . .      SeeInvis .   h - staff of conjuration
rCold   . . .      Faith    .   (no shield)
rNeg    + + .      Spirit   +   a - +0 robe
rPois   .          Reflect  .   (no helmet)
rElec   .          Harm     .   d - +0 cloak "Tomely" {Drain rN++ Dex+2 Stlth+}
rCorr   .          Rampage  .   (no gloves)
Will    .....                   (no boots)
Stlth   ++++......              (no amulet)
HPRegen 0.87/turn               (no ring)
MPRegen 0.11/turn               (no ring)

@: no status effects
A: fangs 2, regeneration 1, magic shield, antimagic bite, no potion heal 2
a: Renounce Religion, Wall of Briars


You were on level 3 of the Dungeon.
You worshipped Fedhas.
Fedhas was pleased with you.
You visited 1 branch of the dungeon, and saw 3 of its levels.

You collected 147 gold pieces.

Inventory:

Hand Weapons
 f - a +0 quarterstaff
Armour
 a - a +0 robe (worn)
 d - the +0 cloak "Tomely" (worn) {Drain rN++ Dex+2 Stlth+}
   (You acquired it on level 2 of the Dungeon)

   Dex:       It affects your dexterity (+2).
   rN:        It greatly protects you from negative energy.
   Drain:     It drains your maximum health when unequipped.
   Stlth:     It makes you more stealthy.
 i - a +0 scale mail
Magical Staves
 h - a staff of conjuration (weapon)
Scrolls
 c - a scroll of silence {unknown}
 e - a scroll of amnesia
 g - a scroll of identify
 k - a scroll of immolation {unknown}
Potions
 b - a potion of magic
 j - 2 potions of curing


   Skills:
 - Level 1.5 Dodging
 * Level 5.5 Stealth
 - Level 2.1 Spellcasting
 - Level 1.0 Conjurations
 - Level 3.0 Air Magic


You had 4 spell levels left.
You knew the following spells:

 Your Spells              Type           Power      Damage    Failure   Level
a - Shock                 Conj/Air       52%        1d6       9%          1
b - Static Discharge      Conj/Air       13%        3-5/arc   13%         2

Your spell library contained the following spells:

 Spells                   Type           Power      Damage    Failure   Level
 Swiftness                Air            12%        N/A       17%         3
 Blink                    Tloc           2%         N/A       28%         2
 Lesser Beckoning         Tloc           1%         N/A       50%         3
 Airstrike                Air            6%         2d(1-17)  50%         4
 Manifold Assault         Tloc           1%         N/A       99%         5


Dungeon Overview and Level Annotations

Branches:
Dungeon (3/15)

Altars:
Fedhas
Gozag
Vehumet
Xom

Shops:
D:2 =

Annotations:
D:3 Grinder, Ijyb


Innate Abilities, Weirdness & Mutations

You have extremely sharp teeth.
Your natural rate of healing is unusually fast.
When hurt, damage is shared between your health and your magic reserves.
Your bite disrupts and absorbs the magic of your enemies.
Potions cannot restore your health.


Message History

Fedhas protects your plant from harm.
The zap hits the orc.
The orc is moderately wounded.
The orc hits the bush with a +0 whip.
Unknown command.
Unknown command.
Casting: Shock (safe; 9% risk of failure)
Confirm with . or Enter, or press ? or * to list all spells.
Aiming: Shock (safe; 9% risk of failure)
Press: ? - help, Shift-Dir - straight line, f - orc, p - orc
Aim: an orc, wielding a +0 dagger and wearing a +0 chain mail (severely wounded, 77% to hit)
You feel a surge of power! Fedhas protects your plant from harm.
The zap misses the orc.
Fedhas protects your plant from harm.
The orc hits the bush but does no damage.
Unknown command.
Unknown command.
Casting: Shock (safe; 9% risk of failure)
Confirm with . or Enter, or press ? or * to list all spells.
Okay, then.
You stalk carefully through the plants.
Something hits you. The orc hits you with a +0 whip. The orc misses you.
Unknown command.
You hit the orc. You bite the orc.
You kill the orc!
Fedhas appreciates your contribution to the ecosystem.
The orc completely misses you.
Unknown command.
Casting: Shock (safe; 9% risk of failure)
Confirm with . or Enter, or press ? or * to list all spells.
Okay, then.
You barely miss something. Something hits you.
* * * LOW HITPOINT WARNING * * *
The orc hits you with a +0 whip.
* * * LOW HITPOINT WARNING * * *
Unknown command.
Something hits you.
You die...
Fedhas appreciates your contribution to the ecosystem.

###.†.######.######
..'...'.....(...(>#
###...######.##.#.#
#...# #.##.#.#
##### #....#.#
#..###.# ###'## #.#
#.P...##.#
..P⌠.o{@.#
......o#.#
#_._._#### #.#.##
... [. .


You could see 2 orcs.

Vanquished Creatures
  3 dart slugs
  An orc (D:3)
  3 ball pythons
  3 endoplasms
  2 giant cockroaches
  6 hobgoblins
  3 jackals (D:2)
  A kobold (D:2)
  2 quokkas (D:1)
  8 bats
  3 frilled lizards (D:1)
  6 goblins
  5 rats (D:1)
46 creatures vanquished.

Vanquished Creatures (others)
  An orc wizard (D:3)
  10 plants
11 creatures vanquished.

Grand Total: 57 creatures vanquished

Notes
Turn   | Place    | Note
-------+----------+-------------------------------------------
     0 | D:1      | Nonny the Vine Stalker Air Elementalist began the quest for
                  | the Orb.
     0 | D:1      | Reached XP level 1. HP: 9/9 MP: 4/4
   100 | D:1      | Reached skill level 3 in Stealth
   108 | D:1      | Found a faded altar of an unknown god.
   120 | D:1      | Prayed at the altar of an unknown god.
   120 | D:1      | Became a worshipper of Fedhas Madash
   120 | D:1      | Reached * piety under Fedhas
   121 | D:1      | -2 dagger on this altar.
   154 | D:1      | Reached XP level 2. HP: 10/13 MP: 1/6
   206 | D:1      | Book of Spatial Translocations
   281 | D:1      | Reached skill level 4 in Stealth
   303 | D:1      | staff of conjuration
   306 | D:1      | Learned a level 2 spell: Static Discharge
   552 | D:1      | Starting vault: circle path of plants.
   552 | D:1      | Fedhas would not have appreciated me zapping some of those.
   569 | D:2      | DIVEMN ESERYEKK - amnesia
   569 | D:2      | Identified a scroll of acquirement
   569 | D:2      | Acquired the +0 cloak "Tomely" {Drain rN++ Dex+2 Stlth+}
   572 | D:2      | TICVOGUURHA - fear
   578 | D:2      | NOKHETSIDUL - identify
   578 | D:2      | cyan potion - degeneration
   578 | D:2      | It's like cyanide.
   609 | D:2      | Reached XP level 3. HP: 16/16 MP: 5/7
   653 | D:2      | Reached ** piety under Fedhas
   814 | D:2      | Reached skill level 5 in Stealth
   907 | D:2      | Found an opulent altar of Gozag.
  1098 | D:2      | 4chamb floor, but with a twist.
  1098 | D:2      | The northwest quadrant has a vault guarded by goblins.
                  | Their treasure is a moderate amount of gold.
  1127 | D:2      | Gozag is in the northeast quadrant.
  1148 | D:2      | Found Coguterph's Jewellery Boutique.
  1183 | D:2      | Quarterstaff in southeast quadrant.
  1188 | D:2      | clear potion - curing
  1358 | D:2      | 360 gold for regen amulet
  1358 | D:2      | 549 gold for randart ring with rN+ rPois +6 str contam*
  1387 | D:3      | Noticed Ijyb
  1388 | D:3      | Noticed Grinder
  1399 | D:3      | lol Grinder killed an invisible orc wizard
  1401 | D:2      | Ijyb has iceblast wand (4).
  1462 | D:3      | Gained mutation: Your natural rate of healing is unusually
                  | fast. [Vine Stalker growth]
  1462 | D:3      | Reached XP level 4. HP: 16/21 MP: 5/8
  1499 | D:3      | Found a shimmering altar of Xom.
  1500 | D:3      | Found a blossoming altar of Fedhas.
  1500 | D:3      | Found a radiant altar of Vehumet.
  1510 | D:3      | HP: 1/21 [orc/+0 whip (4)]
  1511 | D:3      | Slain by an orc wizard

Illustrated notes #.[........# #..........# #..†........ #........... ##.........# #....>.(...# ###..........# #####.........# #..@#.........# #.#.#......... #............# ######......# ####### Turn 121 on D:1: -2 dagger on this altar. .P# PP# #.. PP# ..... PP# ..#.# ## PP# #.#... ... PP...# #.#.#.### .... PP#### #.#.# ..##...# .#########.#.###.....# ................@..# #.###.............## #..........†...##.># #####..).......# #.# ###..........# ... ##............###.### ##..#......†...... # ##.#######..###### ##.#..J.J..## Turn 206 on D:1: Book of Spatial Translocations ############ ##.......... ##.....?...# ... #..[@......##... .. #.....[........ . #..........##.# .# # #..........##.##.##.# #................... ##.............).# #######..............##.. #PPPPPPPPPPPPPPP#........ #PPPPPPPPPPPPPPP.....##.# Turn 303 on D:1: staff of conjuration .......#.........# #.# .......#####....## #.# ######.######.#.# #.# # ###..........# #.# ####...........## ##.## ..##...######..# #...# #.....## #..### #...# ....### #....###...# ...## ######.##@.##...# ##.># #.......##.##...# ###.####.......##.##...# # #....................# ###.####.......#####...# ....# #.......# #...# ##### #.......# ##### #.......# #.......# Turn 552 on D:1: Starting vault: circle path of plants. #+## #...## ##.....## ##.......# #......... +......... #......... #@......# ##.....## #...## #+#... #. Turn 569 on D:2: DIVEMN ESERYEKK - amnesia #+## #...## ##.....## ##.......# #......... +......... #......... #@......# ##.....## #...## #+#... #. Turn 572 on D:2: TICVOGUURHA - fear #+## #...## ##.....## ##.......# #......... +......... #......... #@......# ##.....## #...## #+#... #. Turn 578 on D:2: NOKHETSIDUL - identify #............########### ##.#######.### #.# #.# #.#######.# #.........# #########.##### #.....# #.###.######## #.# #.@....... ###.###.######## #.......# #.#...### ......## #####.## #.# #.# #+# Turn 1098 on D:2: 4chamb floor, but with a twist. #####.## #..###..# #.# #..# #..# #.# #..###..# #+# #.......# #.....<.# ####.#### ##.##.# ####...#.# +...@....# ####..[#.# ##^##.# ####.# #.# #.# #.# #.# Turn 1127 on D:2: Gozag is in the northeast quadrant. .......# #8.8.8..... ####.#..... #.⌠.⌠...#.# #.###### ## ####8.∩.8....# #.# .. ..##.⌠.⌠.....# #+## # #. #.##8.8)8....# ##...## #.#.# #.###........# ##.....## #....## #.# ######.### #.......## #.#...# #.# ##..# .........###>.!.@###.######...### .........+....................... ..!......####....##########...### #<......## ##...# ##..# ##.....## #.### ##.# ##...## #. #.# ## #+#... #b #.# .# .#. #. #.# .# #.# # #. Turn 1183 on D:2: Quarterstaff in southeast quadrant. .........# ## #8.8.8... ######.#..... ..# #.⌠.⌠...# #.###### ##.# ####8.∩.8... # #.# # ... ..##.⌠.⌠.... # #+## #.#.# #.##8.8)8... # ##...## #.#.## #.###....... # ##.....## #....## #.# ######.# ###.......## #.#...# #.# ##..# ##.........###>.@..###.######...# .'.........+..................... ##..!......####....##########...# ##<......## ##...# ##..# ##.....## #.### ##.# ##...## #.# #.# #### #+#... #.# #.# ...# .#. #.# #.# ##.# #.# # #. Turn 1188 on D:2: clear potion - curing #.... #.### #.# # ###.### ########## #...... ##........####.#...# ####### #8.8.8............## ......# #.⌠.⌠...#.######.## #####.########8.@.8....# #.# #.........##.⌠.⌠.....# #.# #.#.#####.##8.8)8....# ##'## #.#.## #.###........# ##...## #....## #.# ######.### ##.....# # #.#...# #.# ##..# ##....... ###>....###.######...####........ '.......................'........ ####....##########...####........ Turn 1358 on D:2: 360 gold for regen amulet .og #.### #..o# #o# #g# #5# #.# ####.# #.@#.# #....# ###### Turn 1399 on D:3: lol Grinder killed an invisible orc wizard

.#.........######### #8.8.8.
.#######.#.........# #.⌠.⌠.. .#
#.#########.########8.∩.8. .##
#.# #.........##.⌠.⌠.. #.# ##+##
#.#.#####.##8.8)8. #.# ##...##
#.#.## #.###..... #.# ##.....##
#....## #.# ###### .####.......##
#.#...# #.# ##.
####.........###@....###.######..
...'.........'...................
####..!......####....##########..
# ##<......## ##...# ##. #
##.....## #.### ## # ##...####
#.# # ########'#...# #.# # .....#
#.#.#.# #.# #
.###.###.#.#.#####.# ##


Turn 1401 on D:2: Ijyb has iceblast wand (4).

Levels and vault maps discovered:
D:1:      roderic_crop_circles_arrival_small, layout_rooms,
          ebering_ecumenical_altar_rust, hangedman_abyss_or_decor_lesser_grid
D:2:      cheibrodos_greedy_goblins, layout_loops_corners, basic_altar,
          serial_shops, nicolae_shop_temple_entry_statues_fountains
D:3:      layout_basic, gammafunk_temple_overflow_forgotten, uniq_sigmund,
          uniq_ijyb, uniq_grinder

Skill      XL: |  1  2  3 |
---------------+----------+-----
Stealth        | 3 4 5 |  5.5
Dodging        | |  1.5
Spellcasting   | |  2.1
Conjurations   | |  1.0
Air Magic      | |  3.0

Action                   |  1- 3 |  4- 6 || total
-------------------------+-------+-------++-------
Melee: Dagger            |    11 |       ||    11
       Bite              |     9 |     1 ||    10
       Unarmed           |     1 |       ||     1
       Staff             |    21 |     3 ||    24
 Cast: Shock             |    48 |     6 ||    54
       Static Discharge  |     3 |       ||     3
  Use: Scroll            |     5 |       ||     5
 Stab: Sleeping          |     2 |       ||     2
Armor: Robe              |    18 |       ||    18
Dodge: Dodged            |    48 |     2 ||    50
